[Event "Mitropa Online Cup Women 2021"]
[Site "Hybrid"]
[Date "2021.05.04"]
[Round "7.5"]
[White "Movsesian, Julia"]
[Black "Olsarova, Karolina"]
[Result "1/2-1/2"]
[ECO "E18"]
[WhiteElo "2342"]
[BlackElo "2290"]
[Annotator "NA"]
[PlyCount "99"]
[EventDate "2021.05.04"]
[EventType "team-tourn"]
[EventCountry "NET"]
[SourceTitle "playchess.com"]
[Source "ChessBase"]
[SourceQuality "1"]
[WhiteTeam "Slovakia"]
[BlackTeam "Czech Republic"]
[WhiteTeamCountry "SVK"]
[BlackTeamCountry "CZE"]
[TimeControl "40/5400+30:1800+30"]

1. d4 Nf6 2. c4 e6 3. Nf3 b6 4. g3 Bb7 5. Bg2 d5 6. cxd5 exd5 7. O-O Be7 8. Nc3 O-O 9. Bf4 c5 10. Rc1 Nbd7 11. dxc5 bxc5 12. Ne5 Nxe5 13. Bxe5 Ne4 14. Nxe4 dxe4 15. Qa4 Qd5 16. Bf4 Bc6 17. Qa5 Rfd8 18. Be3 c4 19. Qc3 Bf6 20. Qxc4 Qxc4 21. Rxc4 Bd5 22. Rc2 Rac8 23. Rd2 Bxa2 24. Rxd8+ Rxd8 25. Bxa7 Bxb2 26. Bxe4 Be6 27. Rb1 Bf6 28. Kg2 g6 29. Rb8 Rxb8 30. Bxb8 Kf8 31. Bc6 Ke7 32. e4 Bc3 33. f3 h5 34. f4 Bd4 35. Bd5 Bg4 36. Bc7 Be2 37. Ba5 Bc5 38. Bc3 Bg4 39. Bg7 Bb4 40. h3 Bd7 41. e5 Bf5 42. Bf6+ Kf8 43. Bf3 Bd2 44. g4 hxg4 45. hxg4 Be6 46. Kg3 Be1+ 47. Kh3 Bd2 48. Kg3 Be1+ 49. Kh3 Bd2 50. Kg3 1/2-1/2

[Event "Mitropa Online Cup Women 2021"]
[Site "Hybrid"]
[Date "2021.05.04"]
[Round "7.5"]
[White "Petrova, Kristyna"]
[Black "Ferkova, Dominika"]
[Result "1/2-1/2"]
[ECO "B10"]
[WhiteElo "2303"]
[BlackElo "2006"]
[Annotator "NA"]
[PlyCount "119"]
[EventDate "2021.05.04"]
[EventType "team-tourn"]
[EventCountry "NET"]
[SourceTitle "playchess.com"]
[Source "ChessBase"]
[SourceQuality "1"]
[WhiteTeam "Czech Republic"]
[BlackTeam "Slovakia"]
[WhiteTeamCountry "CZE"]
[BlackTeamCountry "SVK"]
[TimeControl "40/5400+30:1800+30"]

1. e4 c6 2. c4 d5 3. exd5 cxd5 4. cxd5 Nf6 5. Bb5+ Nbd7 6. Nc3 g6 7. Nf3 Bg7 8. Ne5 O-O 9. Nxd7 Bxd7 10. Qb3 Bxb5 11. Qxb5 Qc7 12. d4 Rfd8 13. O-O Qd7 14. d6 Qxd6 15. Qxb7 Ng4 16. g3 Bxd4 17. Bf4 Qc5 18. Qf3 Qh5 19. Qg2 e5 20. Bc1 Qf5 21. Ne4 Rab8 22. h3 Nf6 23. Nxf6+ Qxf6 24. Rb1 Qa6 25. a3 Rdc8 26. Qe4 Qc4 27. Be3 Rxb2 28. Rxb2 Bxb2 29. Qxc4 Rxc4 30. Bxa7 Bxa3 31. Bb8 f6 32. Ba7 Rc1 33. Rxc1 Bxc1 34. Kf1 Kf7 35. Ke2 Ke6 36. Bc5 f5 37. Bb6 g5 38. Bd8 h6 39. Bc7 h5 40. Bd8 g4 41. hxg4 hxg4 42. Bc7 Kf6 43. Bd8+ Kg6 44. Bc7 Bb2 45. Bd6 Kf7 46. Bc7 Ke7 47. Bb6 Ba3 48. Bc7 Bd6 49. Bb6 Kf6 50. Bd8+ Kg6 51. Kf1 Bf8 52. Bc7 Bg7 53. Bd6 Kh5 54. Kg2 Kg5 55. Be7+ Bf6 56. Bd6 f4 57. f3 gxf3+ 58. Kxf3 fxg3 59. Kxg3 Kf5 60. Bxe5 1/2-1/2

[Event "Mitropa Online Cup Women 2021"]
[Site "Hybrid"]
[Date "2021.05.04"]
[Round "7.5"]
[White "Kanakova, Natalie"]
[Black "Kovarikova, Maria"]
[Result "1-0"]
[ECO "B92"]
[WhiteElo "2179"]
[BlackElo "1899"]
[Annotator "NA"]
[PlyCount "49"]
[EventDate "2021.05.04"]
[EventType "team-tourn"]
[EventCountry "NET"]
[SourceTitle "playchess.com"]
[Source "ChessBase"]
[SourceQuality "1"]
[WhiteTeam "Czech Republic"]
[BlackTeam "Slovakia"]
[WhiteTeamCountry "CZE"]
[BlackTeamCountry "SVK"]
[TimeControl "40/5400+30:1800+30"]

1. e4 c5 2. Nf3 d6 3. d4 cxd4 4. Nxd4 Nf6 5. Nc3 a6 6. Be2 e5 7. Nb3 Be6 8. f4 Nc6 9. O-O Be7 10. Kh1 Rc8 11. f5 Bd7 12. Bg5 Qc7 13. Bxf6 Bxf6 14. Nd5 Qd8 15. c3 O-O 16. a4 Bg5 17. a5 Be8 18. f6 g6 19. Bg4 Rb8 20. Qe1 Bd7 21. Bxd7 Qxd7 22. Qg3 Bh6 23. Qh4 Bf4 24. Rxf4 Nd8 25. Qh6 1-0

[Event "Mitropa Online Cup Women 2021"]
[Site "Hybrid"]
[Date "2021.05.04"]
[Round "7.5"]
[White "Taragelova, Martina"]
[Black "Richterova, Natasa"]
[Result "1/2-1/2"]
[ECO "D00"]
[WhiteElo "2010"]
[BlackElo "2188"]
[Annotator "NA"]
[PlyCount "96"]
[EventDate "2021.05.04"]
[EventType "team-tourn"]
[EventCountry "NET"]
[SourceTitle "playchess.com"]
[Source "ChessBase"]
[SourceQuality "1"]
[WhiteTeam "Slovakia"]
[BlackTeam "Czech Republic"]
[WhiteTeamCountry "SVK"]
[BlackTeamCountry "CZE"]
[TimeControl "40/5400+30:1800+30"]

1. d4 d5 2. Bf4 Nf6 3. e3 c5 4. c3 Nc6 5. Nd2 cxd4 6. exd4 Bf5 7. Ngf3 e6 8. Qb3 Qc8 9. Ne5 Nxe5 10. Bxe5 Nd7 11. Be2 f6 12. Bg3 Be7 13. c4 Nb6 14. cxd5 exd5 15. O-O O-O 16. Rac1 Qe6 17. Bf3 Rac8 18. Bc7 Nc4 19. Nxc4 dxc4 20. Qxb7 Rf7 21. Rfe1 Qd7 22. Bg3 Bd8 23. Qxd7 Rxd7 24. d5 Ba5 25. Red1 Kf7 26. d6 Be6 27. Bd5 Rb8 28. Rc2 Bxd5 29. Rxd5 c3 30. b3 Bb4 31. a3 Bxa3 32. Rxc3 Bb4 33. Rcd3 Rc8 34. h3 a5 35. Bf4 Rc6 36. g3 g5 37. Bd2 Ke6 38. Bxb4 axb4 39. Rb5 Rc3 40. Rxc3 bxc3 41. Rc5 Rxd6 42. Rxc3 Ke5 43. Rc5+ Ke4 44. Kg2 Rb6 45. Rc3 f5 46. Re3+ Kd4 47. Kf3 Rh6 48. Kg2 Rb6 1/2-1/2

[Event "Mitropa Online Cup Women 2021"]
[Site "Hybrid"]
[Date "2021.05.04"]
[Round "8.1"]
[White "Petrova, Kristyna"]
[Black "Klek, Hanna Marie"]
[Result "1/2-1/2"]
[ECO "C56"]
[WhiteElo "2303"]
[BlackElo "2302"]
[Annotator "RC"]
[PlyCount "119"]
[EventDate "2021.05.04"]
[EventType "team-tourn"]
[EventCountry "NET"]
[SourceTitle "playchess.com"]
[Source "ChessBase"]
[SourceQuality "1"]
[WhiteTeam "Czech Republic"]
[BlackTeam "Germany"]
[WhiteTeamCountry "CZE"]
[BlackTeamCountry "GER"]
[TimeControl "40/5400+30:1800+30"]

1. e4 e5 2. Nf3 Nc6 3. Bc4 Nf6 4. d4 exd4 5. e5 d5 6. Bb5 Ne4 7. Nxd4 Bd7 8. Bxc6 bxc6 9. O-O Bc5 10. f3 Ng5 11. f4 Ne4 12. Be3 O-O 13. Nd2 Nxd2 14. Qxd2 Bb6 15. Nb3 f6 16. Bd4 fxe5 17. fxe5 Qh4 18. c3 Qh5 19. Rxf8+ Rxf8 20. Re1 Bf5 21. a4 a5 22. Qe3 Be4 23. Bxb6 cxb6 24. Nd2 Qxe5 25. Qxb6 Qf4 26. Nxe4 dxe4 27. Qd4 h6 28. h3 Re8 29. Qc4+ Kh7 30. Qxc6 Re5 31. Qc4 Qf5 32. Qd4 Kh8 33. Qd8+ Kh7 34. Qd4 Kh8 35. b4 axb4 36. cxb4 Qe6 37. Re3 Rd5 38. Qxe4 Rd1+ 39. Kh2 Qd6+ 40. Qe5 Qxb4 41. Rg3 Qb7 42. Rg6 Kh7 43. Rd6 Rf1 44. Qd5 Qb1 45. Qd3+ Qxd3 46. Rxd3 Ra1 47. Rd4 Ra3 48. Kg1 Ra2 49. Kf1 h5 50. Kg1 g5 51. Rd7+ Kg6 52. Ra7 g4 53. hxg4 hxg4 54. Kh2 Kg5 55. a5 Kh4 56. Rh7+ Kg5 57. Rg7+ Kh4 58. Rh7+ Kg5 59. Rg7+ Kh4 60. Rh7+ 1/2-1/2

[Event "Mitropa Online Cup Women 2021"]
[Site "Hybrid"]
[Date "2021.05.04"]
[Round "8.1"]
[White "Lubbe, Melanie"]
[Black "Worek, Joanna"]
[Result "1/2-1/2"]
[ECO "B83"]
[WhiteElo "2274"]
[BlackElo "2322"]
[Annotator "RC"]
[PlyCount "94"]
[EventDate "2021.05.04"]
[EventType "team-tourn"]
[EventCountry "NET"]
[SourceTitle "playchess.com"]
[Source "ChessBase"]
[SourceQuality "1"]
[WhiteTeam "Germany"]
[BlackTeam "Czech Republic"]
[WhiteTeamCountry "GER"]
[BlackTeamCountry "CZE"]
[TimeControl "40/5400+30:1800+30"]

1. e4 c5 2. Nf3 d6 3. d4 cxd4 4. Nxd4 Nf6 5. Nc3 e6 6. Be3 Be7 7. Be2 Nc6 8. O-O O-O 9. f4 Bd7 10. Ndb5 Qb8 11. a4 Nb4 12. Bf3 e5 13. Rf2 a6 14. Na3 b5 15. Qe2 Bc6 16. axb5 axb5 17. Rd1 Qb7 18. Naxb5 Nxe4 19. Nxe4 Bxe4 20. Nxd6 Bxd6 21. Rxd6 Bxf3 22. Rxf3 Nd5 23. fxe5 Ra1+ 24. Rf1 Rxf1+ 25. Kxf1 Nxe3+ 26. Qxe3 Qxb2 27. Qe2 h6 28. c4 Qc1+ 29. Rd1 Qf4+ 30. Kg1 Re8 31. Re1 Qd4+ 32. Kh1 Re6 33. h3 Rc6 34. Rc1 g6 35. Qa2 Kg7 36. Qa4 Re6 37. Qb5 Rxe5 38. c5 Qd2 39. Qf1 Re3 40. c6 Rc3 41. Rxc3 Qxc3 42. Qf3 Qc5 43. Qe4 Kf8 44. Qa4 Ke7 45. Qh4+ g5 46. Qe4+ Kd6 47. Qe8 Qxc6 1/2-1/2

[Event "Mitropa Online Cup Women 2021"]
[Site "Hybrid"]
[Date "2021.05.04"]
[Round "8.1"]
[White "Schneider, Jana"]
[Black "Olsarova, Karolina"]
[Result "1/2-1/2"]
[ECO "B11"]
[WhiteElo "2272"]
[BlackElo "2290"]
[Annotator "RC"]
[PlyCount "129"]
[EventDate "2021.05.04"]
[EventType "team-tourn"]
[EventCountry "NET"]
[SourceTitle "playchess.com"]
[Source "ChessBase"]
[SourceQuality "1"]
[WhiteTeam "Germany"]
[BlackTeam "Czech Republic"]
[WhiteTeamCountry "GER"]
[BlackTeamCountry "CZE"]
[TimeControl "40/5400+30:1800+30"]

1. e4 c6 2. Nc3 d5 3. Nf3 Bg4 4. h3 Bh5 5. g4 Bg6 6. exd5 cxd5 7. Ne5 Nc6 8. Bb5 Rc8 9. h4 f6 10. Bxc6+ bxc6 11. Nxg6 hxg6 12. d4 e6 13. Qd3 Kf7 14. h5 gxh5 15. gxh5 Ne7 16. Ne2 Nf5 17. Ng3 Qe8 18. Be3 Nxe3 19. fxe3 Bd6 20. Nf1 Rh6 21. O-O-O c5 22. e4 cxd4 23. exd5 Bf4+ 24. Kb1 e5 25. Ng3 Bxg3 26. Qxg3 Qd7 27. c3 dxc3 28. bxc3 Qf5+ 29. Qd3 e4 30. Qa6 e3+ 31. Ka1 Re8 32. d6 Qc5 33. Qb7+ Kf8 34. Kb2 e2 35. Rdg1 Qb6+ 36. Qxb6 axb6 37. Re1 Re5 38. Rh2 Rhxh5 39. Rhxe2 Rxe2+ 40. Rxe2 Rd5 41. Re6 Kf7 42. Re7+ Kg6 43. Rd7 Kf5 44. c4 Rd2+ 45. Kc3 Rd1 46. Rxg7 Rxd6 47. Kb4 Ke5 48. Kb5 f5 49. Re7+ Kd4 50. Rf7 Ke4 51. a4 f4 52. c5 bxc5 53. Kxc5 Rd5+ 54. Kb6 Rd6+ 55. Kc5 Rd1 56. a5 f3 57. a6 Ra1 58. a7 Ke3 59. Kb6 f2 60. Kb7 Rb1+ 61. Kc8 Rc1+ 62. Kb8 Rb1+ 63. Kc8 Ra1 64. Kb8 Rb1+ 65. Kc8 1/2-1/2

[Event "Mitropa Online Cup Women 2021"]
[Site "Hybrid"]
[Date "2021.05.04"]
[Round "8.1"]
[White "Richterova, Natasa"]
[Black "Sieber, Fiona"]
[Result "1/2-1/2"]
[ECO "B37"]
[WhiteElo "2188"]
[BlackElo "2275"]
[Annotator "NA RC"]
[PlyCount "76"]
[EventDate "2021.05.04"]
[EventType "team-tourn"]
[EventCountry "NET"]
[SourceTitle "playchess.com"]
[Source "ChessBase"]
[SourceQuality "1"]
[WhiteTeam "Czech Republic"]
[BlackTeam "Germany"]
[WhiteTeamCountry "CZE"]
[BlackTeamCountry "GER"]
[TimeControl "40/5400+30:1800+30"]

1. Nf3 c5 2. c4 Nc6 3. Nc3 g6 4. d4 cxd4 5. Nxd4 Bg7 6. Nc2 Nf6 7. e4 O-O 8. Be2 d6 9. O-O Nd7 10. Qd2 Nc5 11. f3 a5 12. Kh1 a4 13. Nb5 Be6 14. Rb1 f5 15. Ncd4 fxe4 16. Nxe6 Nxe6 17. Qd5 Qd7 18. Qxe4 Rf5 19. f4 Nc5 20. Qe3 Rf7 21. Bd2 Raf8 22. b4 axb3 23. axb3 e5 24. fxe5 Bxe5 25. Rxf7 Qxf7 26. Bf3 Qf5 27. Rd1 Qc2 28. Re1 Nd3 29. Rf1 Nf4 30. Be4 Qb2 31. g3 Ne6 32. Rxf8+ Kxf8 33. Bd5 Qb1+ 34. Kg2 Qf5 35. Qh6+ Bg7 36. Qe3 Be5 37. Qh6+ Bg7 38. Qe3 Be5 1/2-1/2

[Event "Mitropa Online Cup Women 2021"]
[Site "Hybrid"]
[Date "2021.05.04"]
[Round "8.2"]
[White "Sankova, Stella"]
[Black "Mueller-Seps, Monika"]
[Result "0-1"]
[ECO "C01"]
[WhiteElo "2087"]
[BlackElo "2243"]
[Annotator "NA"]
[PlyCount "48"]
[EventDate "2021.05.04"]
[EventType "team-tourn"]
[EventCountry "NET"]
[SourceTitle "playchess.com"]
[Source "ChessBase"]
[SourceQuality "1"]
[WhiteTeam "Slovakia"]
[BlackTeam "Switzerland"]
[WhiteTeamCountry "SVK"]
[BlackTeamCountry "SUI"]
[TimeControl "40/5400+30:1800+30"]

1. e4 e6 2. d4 d5 3. Nc3 Bb4 4. exd5 exd5 5. Bd3 Nc6 6. a3 Bxc3+ 7. bxc3 Nge7 8. Qf3 Be6 9. Ne2 Qd7 10. O-O O-O-O 11. a4 Bf5 12. Ba3 h5 13. Rfb1 g5 14. Nc1 g4 15. Qd1 Rdg8 16. Nb3 b6 17. Bb5 Rg6 18. a5 g3 19. fxg3 h4 20. Qf1 hxg3 21. h3 Bxh3 22. Qxf7 Bxg2 23. Bxe7 Qh3 24. Ba6+ Kb8 0-1

[Event "Mitropa Online Cup Women 2021"]
[Site "Hybrid"]
[Date "2021.05.04"]
[Round "8.2"]
[White "Kovarikova, Maria"]
[Black "Tamrazyan, Gohar"]
[Result "0-1"]
[ECO "B32"]
[WhiteElo "1899"]
[BlackElo "1842"]
[Annotator "NA RC"]
[PlyCount "76"]
[EventDate "2021.05.04"]
[EventType "team-tourn"]
[EventCountry "NET"]
[SourceTitle "playchess.com"]
[Source "ChessBase"]
[SourceQuality "1"]
[WhiteTeam "SVK"]
[BlackTeam "SUI"]
[WhiteTeamCountry "SVK"]
[TimeControl "40/5400+30:1800+30"]

1. e4 c5 2. Nf3 Nc6 3. d4 cxd4 4. Nxd4 e5 5. Nb5 d6 6. N1c3 a6 7. Na3 b5 8. Nd5 Nge7 9. c4 Nd4 10. Be3 Nxd5 11. cxd5 g6 12. Bxd4 exd4 13. Qxd4 Qa5+ 14. Qd2 Qxd2+ 15. Kxd2 Bg7 16. Kc2 f5 17. Bd3 O-O 18. f3 fxe4 19. Bxe4 Bf5 20. Bxf5 Rxf5 21. Rad1 Rc8+ 22. Kb1 Rc5 23. Rhe1 Kf7 24. Nc2 Rfxd5 25. Nb4 Rxd1+ 26. Rxd1 a5 27. Nd3 Rg5 28. g4 h5 29. h3 Rd5 30. f4 Rd4 31. Kc2 hxg4 32. hxg4 Rc4+ 33. Kd2 g5 34. Rf1 gxf4 35. Nxf4 Bh6 36. Ke3 d5 37. g5 Bxg5 38. Kf3 Rxf4+ 0-1

[Event "Mitropa Online Cup Women 2021"]
[Site "Hybrid"]
[Date "2021.05.04"]
[Round "8.4"]
[White "Froewis, Annika"]
[Black "Urh, Zala"]
[Result "1/2-1/2"]
[ECO "B33"]
[WhiteElo "2143"]
[BlackElo "2173"]
[Annotator "NA"]
[PlyCount "64"]
[EventDate "2021.05.04"]
[EventType "team-tourn"]
[EventCountry "NET"]
[SourceTitle "playchess.com"]
[Source "ChessBase"]
[SourceQuality "1"]
[WhiteTeam "Austria"]
[BlackTeam "Slovenia"]
[WhiteTeamCountry "AUT"]
[BlackTeamCountry "SLO"]
[TimeControl "40/5400+30:1800+30"]

1. e4 c5 2. Nf3 Nc6 3. d4 cxd4 4. Nxd4 Nf6 5. Nc3 e5 6. Ndb5 d6 7. Bg5 a6 8. Na3 b5 9. Nd5 Be7 10. Bxf6 Bxf6 11. c3 Bb7 12. Nc2 Ne7 13. Ncb4 Nxd5 14. Nxd5 O-O 15. a4 Bc6 16. axb5 axb5 17. Rb1 Bg5 18. Qb3 g6 19. Be2 Kh8 20. O-O f5 21. Bxb5 Rb8 22. c4 fxe4 23. Rbd1 Qc8 24. Qa3 Bxb5 25. cxb5 Rxb5 26. Qxd6 Qb8 27. Qxb8 Rfxb8 28. Nc3 Rxb2 29. Nxe4 Be7 30. g3 Kg7 31. Kg2 Kf7 32. Rfe1 Ke6 1/2-1/2

[Event "Mitropa Online Cup Women 2021"]
[Site "Hybrid"]
[Date "2021.05.04"]
[Round "8.4"]
[White "Vicze, Kata"]
[Black "Ruzic, Pia Marie"]
[Result "0-1"]
[ECO "C01"]
[WhiteElo "1809"]
[BlackElo "1990"]
[Annotator "NA"]
[PlyCount "86"]
[EventDate "2021.05.04"]
[EventType "team-tourn"]
[EventCountry "NET"]
[SourceTitle "playchess.com"]
[Source "ChessBase"]
[SourceQuality "1"]
[WhiteTeam "AUT"]
[BlackTeam "SLO"]
[BlackTeamCountry "SLO"]
[TimeControl "40/5400+30:1800+30"]

1. e4 e6 2. d4 d5 3. exd5 exd5 4. Nf3 Nf6 5. Bd3 Bd6 6. Qe2+ Be6 7. O-O O-O 8. Bg5 Nbd7 9. Nc3 c6 10. Ne5 Qb6 11. Nxd7 Nxd7 12. Qh5 g6 13. Qh4 Qxb2 14. Ne2 Qb6 15. f4 f5 16. Qe1 Nf6 17. h4 Ne4 18. Bh6 Rfe8 19. h5 Bb4 20. Qh4 Be7 21. Qe1 Bf6 22. c3 Bf7 23. hxg6 hxg6 24. Qc1 Nxc3 25. Nxc3 Qxd4+ 26. Kh1 Qxd3 27. Rf3 Qc4 28. Qd2 d4 29. Nd1 Re2 30. Qa5 b6 31. Qa3 Qc2 32. Rc1 Qd2 33. Rg3 Be7 34. Qd3 Qxd3 35. Rxd3 c5 36. a4 Bf6 37. a5 c4 38. Ra3 b5 39. Raa1 b4 40. Rab1 b3 41. Kg1 c3 42. Nf2 b2 43. Rf1 Ba2 0-1

[Event "Mitropa Online Cup Women 2021"]
[Site "Hybrid"]
[Date "2021.05.04"]
[Round "8.5"]
[White "Sedina, Elena"]
[Black "Monpeurt, Cyrielle"]
[Result "1/2-1/2"]
[ECO "C26"]
[WhiteElo "2291"]
[BlackElo "2166"]
[Annotator "NA RC"]
[PlyCount "94"]
[EventDate "2021.05.04"]
[EventType "team-tourn"]
[EventCountry "NET"]
[SourceTitle "playchess.com"]
[Source "ChessBase"]
[SourceQuality "1"]
[WhiteTeam "Italy"]
[BlackTeam "France"]
[WhiteTeamCountry "ITA"]
[BlackTeamCountry "FRA"]
[TimeControl "40/5400+30:1800+30"]

1. e4 e5 2. Nc3 Nf6 3. g3 Bc5 4. Bg2 c6 5. Nge2 d5 6. exd5 cxd5 7. d4 exd4 8. Nxd4 O-O 9. O-O Bg4 10. f3 Bxd4+ 11. Qxd4 Nc6 12. Qf2 Be6 13. Rd1 Qe7 14. Nb5 Rac8 15. c3 a6 16. Nd4 b5 17. Bf1 Qb7 18. Bg5 Nd7 19. a4 b4 20. Nxc6 Rxc6 21. Be7 bxc3 22. Bxf8 Kxf8 23. bxc3 Rxc3 24. Rac1 Rb3 25. Qd4 Rb4 26. Bxa6 Ne5 27. Bxb7 Nxf3+ 28. Kg2 Nxd4 29. Rxd4 Rxd4 30. a5 Ra4 31. a6 Ke7 32. Kf3 Kd6 33. Ke3 d4+ 34. Ke4 f5+ 35. Kd3 Bd5 36. Rc8 Be4+ 37. Bxe4 fxe4+ 38. Kxe4 Rxa6 39. Rh8 h6 40. Rg8 Ra7 41. Kxd4 Ke6 42. Ke4 Kf6 43. Kf4 Ra4+ 44. Kf3 Ra3+ 45. Kf4 Ra4+ 46. Kf3 Ra3+ 47. Kf4 Ra4+ 1/2-1/2

[Event "Mitropa Online Cup Women 2021"]
[Site "Hybrid"]
[Date "2021.05.04"]
[Round "9.1"]
[White "Guichard, Pauline"]
[Black "Schneider, Jana"]
[Result "1/2-1/2"]
[ECO "C13"]
[WhiteElo "2415"]
[BlackElo "2296"]
[Annotator "NA"]
[PlyCount "79"]
[EventDate "2021.05.04"]
[EventType "team-tourn"]
[EventCountry "NET"]
[SourceTitle "playchess.com"]
[Source "ChessBase"]
[SourceQuality "1"]
[WhiteTeam "France"]
[BlackTeam "Germany"]
[WhiteTeamCountry "FRA"]
[BlackTeamCountry "GER"]
[TimeControl "40/5400+30:1800+30"]

1. d4 d5 2. Nf3 Nf6 3. Bf4 e6 4. Nbd2 Bd6 5. Bg5 O-O 6. e4 dxe4 7. Nxe4 Be7 8. Bxf6 Bxf6 9. Qd3 Be7 10. O-O-O Na6 11. Kb1 c5 12. h4 Nb4 13. Qd2 cxd4 14. Nxd4 e5 15. Nb5 Bf5 16. Nbc3 Qxd2 17. Rxd2 Rfd8 18. Rxd8+ Rxd8 19. Be2 Nd5 20. Nxd5 Rxd5 21. Ng3 Be6 22. Bc4 Rd2 23. Ne4 Rd4 24. Bxe6 Rxe4 25. Bd5 Re2 26. Bxb7 Rxf2 27. Kc1 f5 28. Rd1 Bxh4 29. Rd7 Bg5+ 30. Kd1 h5 31. c4 Rxb2 32. c5 Rb1+ 33. Ke2 Rb2+ 34. Kd1 e4 35. c6 Bf4 36. c7 Rb1+ 37. Ke2 Rb2+ 38. Kd1 Rb1+ 39. Ke2 Rb2+ 40. Kd1 1/2-1/2

[Event "Mitropa Online Cup Women 2021"]
[Site "Hybrid"]
[Date "2021.05.04"]
[Round "9.1"]
[White "Klek, Hanna Marie"]
[Black "Navrotescu, Andreea"]
[Result "1/2-1/2"]
[ECO "B70"]
[WhiteElo "2302"]
[BlackElo "2247"]
[Annotator "NA"]
[PlyCount "118"]
[EventDate "2021.05.04"]
[EventType "team-tourn"]
[EventCountry "NET"]
[SourceTitle "playchess.com"]
[Source "ChessBase"]
[SourceQuality "1"]
[WhiteTeam "GER"]
[BlackTeam "FRA"]
[WhiteTeamCountry "GER"]
[TimeControl "40/5400+30:1800+30"]

1. e4 c5 2. Nf3 d6 3. d4 cxd4 4. Nxd4 Nf6 5. Nc3 g6 6. Bd3 Bg7 7. O-O Nc6 8. Nde2 O-O 9. Nd5 Ne5 10. Ng3 Be6 11. f4 Nxd3 12. Nxf6+ Bxf6 13. cxd3 Qb6+ 14. Kh1 Rfc8 15. f5 Bd7 16. Rb1 Qa6 17. a3 Ba4 18. b3 Bb5 19. Rf3 Rc3 20. Bb2 Rxd3 21. Qc1 Qc6 22. Bxf6 Qxc1+ 23. Rxc1 Rxf3 24. gxf3 exf6 25. Rc7 Bc6 26. b4 a6 27. fxg6 hxg6 28. Ne2 Rb8 29. Nd4 Be8 30. Nb3 Bb5 31. Na5 b6 32. Nb7 Bc4 33. Rxc4 Rxb7 34. Rc6 Kf8 35. Rxd6 Ke7 36. Rc6 a5 37. Kg2 a4 38. Kf2 Rd7 39. Ke2 Rd6 40. Rc7+ Rd7 41. Rc6 Rd6 42. Rc8 f5 43. exf5 gxf5 44. Ke3 Rh6 45. Rc2 Rh4 46. Rd2 Ke6 47. b5 Ke5 48. f4+ Ke6 49. Rc2 Kd5 50. Rc6 Rh3+ 51. Kf2 Rxh2+ 52. Kg3 Ra2 53. Kh4 Rxa3 54. Kg5 Rb3 55. Rxb6 Ke4 56. Ra6 Rb4 57. b6 f6+ 58. Kxf6 Kxf4 59. b7 Rxb7 1/2-1/2

[Event "Mitropa Online Cup Women 2021"]
[Site "Hybrid"]
[Date "2021.05.04"]
[Round "9.1"]
[White "Lubbe, Melanie"]
[Black "Afraoui, Anaelle"]
[Result "1-0"]
[ECO "B07"]
[WhiteElo "2278"]
[BlackElo "2106"]
[Annotator "NA"]
[PlyCount "81"]
[EventDate "2021.05.04"]
[EventType "team-tourn"]
[EventCountry "NET"]
[SourceTitle "playchess.com"]
[Source "ChessBase"]
[SourceQuality "1"]
[WhiteTeam "Germany"]
[BlackTeam "France"]
[WhiteTeamCountry "GER"]
[BlackTeamCountry "FRA"]
[TimeControl "40/5400+30:1800+30"]

1. e4 d6 2. d4 Nf6 3. Nc3 g6 4. h3 c6 5. g4 b5 6. Bg2 b4 7. Nce2 h5 8. g5 Nfd7 9. f4 Bg7 10. Nf3 O-O 11. f5 Ba6 12. fxg6 fxg6 13. Nf4 Rxf4 14. Bxf4 Qa5 15. Kf2 Nb6 16. e5 N8d7 17. exd6 exd6 18. Re1 Qf5 19. Kg3 Nc4 20. Nh4 Qf7 21. Bxc6 Rf8 22. Qf3 Ndb6 23. Be4 Bxd4 24. Nxg6 Ne5 25. Bxe5 Bxe5+ 26. Kg2 Qxf3+ 27. Bxf3 Rxf3 28. Kxf3 Bxb2 29. Rad1 Nc4 30. Re7 Bb5 31. Rxa7 Bc3 32. Ne7+ Kf8 33. Nf5 Bc6+ 34. Kf2 Bd2 35. g6 Be4 36. Rxd2 Bxf5 37. Rd4 Be6 38. g7+ Kg8 39. Rf4 Kh7 40. Rf8 Bg8 41. Raa8 1-0

[Event "Mitropa Online Cup Women 2021"]
[Site "Hybrid"]
[Date "2021.05.04"]
[Round "9.1"]
[White "Thomas, Anysia"]
[Black "Muetsch, Annmarie"]
[Result "1/2-1/2"]
[ECO "E94"]
[WhiteElo "2164"]
[BlackElo "2271"]
[Annotator "NA"]
[PlyCount "43"]
[EventDate "2021.05.04"]
[EventType "team-tourn"]
[EventCountry "NET"]
[SourceTitle "playchess.com"]
[Source "ChessBase"]
[SourceQuality "1"]
[WhiteTeam "France"]
[BlackTeam "Germany"]
[WhiteTeamCountry "FRA"]
[BlackTeamCountry "GER"]
[TimeControl "40/5400+30:1800+30"]

1. d4 Nf6 2. c4 g6 3. Nc3 Bg7 4. e4 d6 5. Nf3 O-O 6. Be2 Na6 7. O-O e5 8. Be3 c6 9. Re1 Ng4 10. Bg5 Qc7 11. d5 f5 12. exf5 Bxf5 13. h3 Nf6 14. Be3 c5 15. a3 Rae8 16. Nb5 Qb8 17. b4 Bd7 18. Rb1 Nh5 19. Ng5 Nf6 20. Nf3 Nh5 21. Nd2 Nf6 22. Nf3 1/2-1/2

[Event "Mitropa Online Cup Women 2021"]
[Site "Hybrid"]
[Date "2021.05.04"]
[Round "9.2"]
[White "Gueci, Tea"]
[Black "Froewis, Annika"]
[Result "1-0"]
[ECO "C54"]
[WhiteElo "2204"]
[BlackElo "2143"]
[Annotator "NA"]
[PlyCount "75"]
[EventDate "2021.05.04"]
[EventType "team-tourn"]
[EventCountry "NET"]
[SourceTitle "playchess.com"]
[Source "ChessBase"]
[SourceQuality "1"]
[WhiteTeam "Italy"]
[BlackTeam "Austria"]
[WhiteTeamCountry "ITA"]
[BlackTeamCountry "AUT"]
[TimeControl "40/5400+30:1800+30"]

1. e4 e5 2. Nf3 Nc6 3. Bc4 Bc5 4. c3 Nf6 5. d4 exd4 6. e5 d5 7. Bb5 Ne4 8. cxd4 Bb6 9. Nc3 O-O 10. O-O Bg4 11. Be3 Nxc3 12. bxc3 f6 13. exf6 Qxf6 14. Be2 Bxf3 15. Bxf3 Ne7 16. Qd2 h6 17. Bd1 Nf5 18. Bc2 c6 19. g3 Bc7 20. Qd3 Rae8 21. Rae1 Qg6 22. Bc1 Re6 23. Ba3 Rf7 24. Rxe6 Qxe6 25. g4 Qg6 26. Qe2 Rf6 27. Kh1 Re6 28. gxf5 Rxe2 29. fxg6 b6 30. Bd3 Re6 31. Kg2 Bd6 32. Bxd6 Rxd6 33. Re1 Kf8 34. f4 Rf6 35. f5 b5 36. Kg3 a6 37. Kf4 c5 38. Re6 1-0